 Dungeon Crawl Stone Soup version 0.22-a0-480-g991dd4b (webtiles) character file.

305 Dfrag the Conjurer (level 6, 0/49 HPs)
             Began as a Naga Conjurer on June 14, 2018.
             Slain by a howler monkey (1 damage)
             ... on level 4 of the Dungeon.
             The game lasted 00:07:31 (2220 turns).

Dfrag the Conjurer (Naga Conjurer)                  Turns: 2220, Time: 00:07:32

Health: 0/49       AC:  4    Str: 11    XL:     6   Next: 39%
Magic:  0/12       EV: 10    Int: 17    God:
Gold:   100        SH:  0    Dex: 11    Spells: 10/13 levels left

rFire    . . .     SeeInvis +   (no weapon)
rCold    . . .     Gourm    .   (no shield)
rNeg     . . .     Faith    .   a - +0 robe
rPois    +         Spirit   .   (no helmet)
rElec    .         Reflect  .   (no cloak)
rCorr    .         Harm     .   m - +0 pair of gloves
MR       .....                  (no barding)
Stlth    ++........             (no amulet)
HPRegen  0.16/turn              (no ring)
MPRegen  0.13/turn              (no ring)

@: lethally poisoned (0 -> 0), short of breath, very slow
A: large, see invisible, deformed body, poison resistance, slowness 2, slow
metabolism 1, spit poison 1, AC +2
a: Spit Poison


You were on level 4 of the Dungeon.
You were not hungry.

You visited 1 branch of the dungeon, and saw 4 of its levels.

You collected 100 gold pieces.

Inventory:

Armour
 a - a +0 robe (worn)
 m - a +0 pair of gloves (worn)
Scrolls
 d - a scroll of magic mapping {unknown}
 f - 5 scrolls of identify {unknown}
 h - a scroll of amnesia {unknown}
 j - 2 scrolls of remove curse {unknown}
 k - a scroll of fear {unknown}
 l - 2 scrolls of teleportation {unknown}
Potions
 b - a potion of lignification {unknown}
 e - 2 potions of berserk rage {unknown}
 g - 2 potions of heal wounds {unknown}
 n - 2 potions of agility {unknown}
 o - a potion of magic {unknown}
Comestibles
 c - 4 rations
 i - 3 chunks of flesh


   Skills:
 - Level 1.5 Dodging
 - Level 3.0 Stealth
 + Level 4.4 Spellcasting
 + Level 6.0 Conjurations


You had 10 spell levels left.
You knew the following spells:

 Your Spells              Type           Power        Failure   Level  Hunger
a - Magic Dart            Conj           ###.         1%          1    None
b - Searing Ray           Conj           ###...       1%          2    ##.....

Your spell library contained the following spells:

 Spells                   Type           Power        Failure   Level  Hunger
 Iskenderun's Mystic Bla  Conj           ###.....     13%         4    ####...
 Fulminant Prism          Conj/Hex       ##........   41%         4    ####...
 Dazzling Spray           Conj/Hex       ##....       13%         3    ###....
 Force Lance              Conj/Tloc      ##......     41%         4    ####...


Dungeon Overview and Level Annotations

Branches:
Dungeon (4/15)
 Temple: D:4-7

Altars:
Gozag
Sif Muna
Uskayaw
Wu Jian
Yredelemnul
The Shining One


Innate Abilities, Weirdness & Mutations

You cannot wear boots.
Your serpentine skin is tough. (AC +2)
You have supernaturally acute eyesight. (SInv)
Armour fits poorly on your strangely shaped body.
Your system is resistant to poisons. (rPois)
You cover ground very slowly.
You have a slow metabolism.
You can spit poison.


Message History

Press: ? - help, Shift-Dir - straight line, f - howler monkey
Aim: a howler monkey (lightly wounded, catching its breath)
The splash of poison hits the howler monkey.
The howler monkey is poisoned.
The howler monkey is severely wounded.
You feel slightly more hungry.
You feel sick. The howler monkey hits you.
* * * LOW HITPOINT WARNING * * *
Unknown command.
Casting: Searing Ray (safe; 1% risk of failure)
Confirm with . or Enter, or press ? or * to list all spells.
Aiming: Magic Dart (safe; 1% risk of failure)
Press: ? - help, Shift-Dir - straight line, f/p - howler monkey
Aim: a howler monkey (severely wounded, poisoned, catching its breath)
The magic dart hits the howler monkey.
The howler monkey is almost dead.
The howler monkey hits you.
* * * LOW HITPOINT WARNING * * *
Unknown command.
The howler monkey hits you.
You die...

# #.#### #...@#
####h########
#.##.....#
#######)##.....#
....(..........#
#....#)..#.....#
#......)...)...#
#.........<#####
#........!.(#


You could see a howler monkey.

Vanquished Creatures
  An ogre (D:3)
  An orc priest (D:3)
  An orc wizard (D:4)
  Jessica (D:2)
  5 adders
  3 worms
  2 dart slugs (D:2)
  A leopard gecko (D:2)
  7 orcs
  4 bats
  3 giant cockroaches
  7 goblins
  5 hobgoblins
  9 jackals
  4 quokkas (D:3)
  A ball python (D:1)
  6 frilled lizards
  10 kobolds
  7 rats
78 creatures vanquished.

Notes
Turn   | Place    | Note
-------+----------+-------------------------------------------
     0 | D:1      | Dfrag the Naga Conjurer began the quest for the Orb.
     0 | D:1      | Reached XP level 1. HP: 15/15 MP: 3/3
    91 | D:1      | Reached XP level 2. HP: 7/22 MP: 3/5
   671 | D:2      | Reached XP level 3. HP: 28/28 MP: 0/7
   675 | D:2      | Learned a level 2 spell: Searing Ray
   731 | D:2      | Noticed Jessica
   734 | D:2      | Killed Jessica
   813 | D:2      | Reached XP level 4. HP: 36/36 MP: 6/8
  1021 | D:2      | Found a basalt altar of Yredelemnul.
  1060 | D:2      | Found a hide-covered altar of Uskayaw.
  1061 | D:2      | Noticed a dagger
  1062 | D:2      | Noticed a hand axe
  1251 | D:3      | Reached skill level 5 in Conjurations
  1616 | D:3      | Reached XP level 5. HP: 30/42 MP: 6/10
  1841 | D:3      | Noticed an ogre
  1850 | D:3      | Killed an ogre
  1850 | D:3      | Reached XP level 6. HP: 41/49 MP: 7/12
  1950 | D:3      | Found a faded altar of an unknown god.
  1950 | D:3      | Found an opulent altar of Gozag.
  1955 | D:3      | Found a deep blue altar of Sif Muna.
  1957 | D:3      | Found a glowing golden altar of the Shining One.
  1959 | D:3      | Found an ornate altar of the Wu Jian Council.
  2203 | D:4      | Reached skill level 6 in Conjurations
  2219 | D:4      | HP: 1/49 [howler monkey (2)]
  2220 | D:4      | Slain by a howler monkey

Vault maps used:
D:1:      nzn_arrival_settlement, minmay_distorted
D:2:      lemuel_doored_altar, dancing_weapons_uskayaw, uniq_jessica
D:3:      chequers_temple_overflow_minitemple, serial_glass, glass_columns_a,
          glass_columns_a, glass_columns_a, glass_columns_b, glass_columns_a,
          glass_columns_c
D:4:      elyvilon_altar_1, first_ration

Skill      XL: |  1  2  3  4  5  6 |
---------------+-------------------+-----
Spellcasting   | 3 4 |  4.4
Conjurations   | 5 6 |  6.0
Dodging        | |  1.5
Stealth        | |  3.0

Action                   |  1- 3 |  4- 6 || total
-------------------------+-------+-------++-------
Melee: Unarmed           |     9 |    49 ||    58
 Cast: Magic Dart        |    17 |    51 ||    68
       Searing Ray       |     1 |    11 ||    12
 Abil: Spit Poison       |    24 |    34 ||    58
  Eat: Chunk             |     1 |     6 ||     7
Armor: Robe              |     4 |    30 ||    34
Dodge: Dodged            |    19 |    71 ||    90

Table legend:
 A = Spawn XP
 B = Non-spawn XP
 C = Spawn XP percentage of total XP
 D = Spawn monster count
 E = Non-spawn monster count
 F = Spawn count percentage of total count
 G = Total turns spent on level
                    A         B        C        D         E        F      G
               +---------+---------+-------+---------+---------+-------+---------
         Total |       0 |     437 |   0.0 |       0 |      78 |   0.0 |  2220
               +---------+---------+-------+---------+---------+-------+---------
           D:1 |       0 |      28 |   0.0 |       0 |      18 |   0.0 |   637
           D:2 |       0 |      88 |   0.0 |       0 |      26 |   0.0 |   948
           D:3 |       0 |     248 |   0.0 |       0 |      24 |   0.0 |   541
           D:4 |       0 |      73 |   0.0 |       0 |      10 |   0.0 |    94
               +---------+---------+-------+---------+---------+-------+---------
